 Dungeon Crawl Stone Soup version 0.24-a0-201-gf205589 (webtiles) character file.

Game seed: 809562327678102049

118 Borgoz the Covered (level 5, -5/32 HPs)
             Began as a Gargoyle Fighter on Mar 24, 2019.
             Killed from afar by a raiju (7 damage)
             ... with a living lightning
             ... on level 1 of the Abyss.
             The game lasted 00:02:33 (1628 turns).

Borgoz the Covered (Gargoyle Fighter)               Turns: 1628, Time: 00:02:33

Health: -5/32      AC: 16    Str: 20    XL:     5   Next: 2%
Magic:  6/6        EV:  4    Int:  8    God:
Gold:   79         SH:  9    Dex: 10    Spells: 5/5 levels left

rFire    . . .     SeeInvis .   a - +0 rapier
rCold    + . .     Gourm    .   c - +0 shield
rNeg     + . .     Faith    .   i - +1 plate armour
rPois    ∞         Spirit   .   (no helmet)
rElec    +         Reflect  .   (no cloak)
rCorr    .         Harm     .   (no gloves)
MR       .....                  (no boots)
Stlth    ..........             (no amulet)
HPRegen  0.10/turn              k - ring of protection from cold
MPRegen  0.10/turn              (no ring)

@: no status effects
A: negative energy resistance 1, electricity resistance, unbreathing,
petrification resistance, rot immunity, AC +4
a: no special abilities


You were on level 1 of the Abyss.
You were hungry.

You visited 1 branch of the dungeon, and saw 3 of its levels.
You visited the Abyss 1 time.

You collected 79 gold pieces.

Inventory:

Hand Weapons
 a - a +0 rapier (weapon)
Armour
 c - a +0 shield (worn)
 i - a +1 plate armour (worn)
Jewellery
 k - a ring of protection from cold (left hand)
Scrolls
 g - a scroll of enchant armour
 h - a scroll of identify {unknown}
 j - 2 scrolls of fog
Potions
 b - a potion of lignification {unknown}
 e - 2 potions of curing {unknown}
Comestibles
 f - 4 rations


   Skills:
 + Level 3.4 Fighting
 * Level 2.5 Short Blades
 + Level 0.7 Throwing
 * Level 3.9 Armour
 * Level 1.3 Dodging
 + Level 1.2 Stealth
 + Level 3.7 Shields
 + Level 0.8 Spellcasting


You had 5 spell levels left.
You didn't know any spells.
Your spell library was empty.

Dungeon Overview and Level Annotations

Branches:
Dungeon (3/15)

Altars:


Innate Abilities, Weirdness & Mutations

You are resistant to torment.
Your stone body is resilient. (AC +4)
You are immune to poison.
You resist negative energy. (rN+)
You are resistant to electric shocks. (rElec)
You can survive without breathing.
You are immune to petrification.
You are immune to rotting.


Message History

A raiju comes into view.
The raiju bursts into living lightning!
The living lightning hits you. You resist.
* * * LOW HITPOINT WARNING * * *
The living lightning hits the raiju.
The raiju completely resists.
The raiju blinks!
The raiju bursts into living lightning!
The living lightning hits you but does no damage.
The living lightning hits you. You resist.
* * * LOW HITPOINT WARNING * * *
The raiju blinks!
You closely miss the raiju.
The raiju bursts into living lightning!
The living lightning hits you but does no damage.
The living lightning hits you. You resist.
* * * LOW HITPOINT WARNING * * *
The raiju blinks!
The raiju bursts into living lightning!
The living lightning hits you! You resist.
You die...

.#. #. # ..##.#
#. ..#.. .##.#.#
..§.. .h. #.# ##
≈≈ ##@#### # .# .
≈≈♣.....##. ..
.≈♣≈#...# ..##.#
♣≈...#.#...x#
#≈≈h.x.#..## #
#...≈h.#..... #.
......≈≈.....#..#
...#..#≈≈#.#..#
#...###.##≈≈....#
#


You could see 3 raiju and a small abomination.

Vanquished Creatures
  5 adders
  2 worms (D:2)
  A dart slug (D:1)
  2 leopard geckos
  3 orcs (D:3)
  9 bats
  2 giant cockroaches (D:2)
  5 goblins
  11 hobgoblins
  7 jackals
  4 frilled lizards
  5 kobolds
  3 rats
59 creatures vanquished.

Notes
Turn   | Place    | Note
-------+----------+-------------------------------------------
     0 | D:1      | Borgoz the Gargoyle Fighter began the quest for the Orb.
     0 | D:1      | Reached XP level 1. HP: 14/14 MP: 1/1
    98 | D:1      | Reached XP level 2. HP: 17/19 MP: 2/2
   353 | D:1      | Reached skill level 1 in Stealth
   580 | D:1      | Reached XP level 3. HP: 23/23 MP: 3/3
  1096 | D:2      | Reached skill level 1 in Dodging
  1141 | D:2      | Reached XP level 4. HP: 20/28 MP: 4/4
  1563 | D:3      | Reached XP level 5. HP: 30/32 MP: 6/6
  1571 | D:3      | Cast into level 1 of the Abyss (orc)
  1616 | Abyss:1  | Noticed a small abomination
  1620 | Abyss:1  | Noticed a raiju
  1622 | Abyss:1  | Noticed a raiju
  1625 | Abyss:1  | Noticed a raiju
  1627 | Abyss:1  | HP: 1/32 [raiju/living lightning (3)]
  1628 | Abyss:1  | Killed from afar by a raiju

Levels and vault maps discovered:
D:1:      psy_arrival_statuary, layout_loops_corners, lemuel_old_faithful
D:2:      layout_rooms, first_ration, st_stairs_4
D:3:      layout_basic, chequers_ecumenical_altar_island, uniq_natasha
Abyss:1

Skill      XL: |  1  2  3 |
---------------+----------+-----
Short Blades   | 2 |  2.5
Stealth        | 1 |  1.2
Dodging        | 1 |  1.3
Fighting       | |  3.4
Throwing       | |  0.7
Armour         | |  3.9
Shields        | |  3.7
Spellcasting   | |  0.8

Action                   |  1- 3 |  4- 6 || total
-------------------------+-------+-------++-------
Melee: Rapier            |   152 |    98 ||   250
  Use: Scroll            |       |     2 ||     2
       Potion            |       |     1 ||     1
  Eat: Chunk             |     1 |     1 ||     2
Armor: Scale mail        |   100 |    22 ||   122
       Plate armour      |       |    55 ||    55
Dodge: Dodged            |    47 |    23 ||    70
Block: Shield            |    82 |    58 ||   140

Table legend:
 A = Non-vault XP
 B = Vault XP
 C = Vault XP percentage of total XP
 D = Non-vault monster count
 E = Vault monster count
 F = Vault count percentage of total count
                 A         B        C        D         E       F
            +---------+---------+-------+---------+---------+-------
      Total |     153 |      16 |   9.5 |      57 |       2 |   3.4
            +---------+---------+-------+---------+---------+-------
        D:1 |      48 |       0 |   0.0 |      26 |       0 |   0.0
        D:2 |      78 |      16 |  17.0 |      24 |       2 |   7.7
        D:3 |      27 |       0 |   0.0 |       7 |       0 |   0.0
            +---------+---------+-------+---------+---------+-------
